 Dungeon Crawl Stone Soup version 0.30-a0-367-g839099abd5 (webtiles) character file.

Game seed: 6257035442618865482

156 Elric the Chopper (level 5, 0/47 HPs)
             Began as a Minotaur Fighter on Nov 18, 2022.
             Slain by a lemure (7 damage)
             ... led by Pikel
             ... on level 4 of the Dungeon.
             The game lasted 00:01:59 (2810 turns).

Elric the Chopper (Minotaur Fighter)                Turns: 2810, Time: 00:01:59

Health: 0/47       AC:  8    Str: 22    XL:     5   Next: 14%
Magic:  4/4        EV:  8    Int:  5    God:
Gold:   218        SH:  8    Dex: 10    Spells: 4/4 levels left

rFire   . . .      SeeInvis .    a - +0 war axe
rCold   . . .      Faith    .    l - +0 kite shield
rNeg    . . .      Spirit   .    b - +0 scale mail
rPois   .          Reflect  .    (helmet restricted)
rElec   .          Harm     .    (no cloak)
rCorr   .          Rampage  .    (no gloves)
Will    .....                    i - +0 pair of boots
Stlth   ..........               (no amulet)
HPRegen 0.27/turn                (no ring)
MPRegen 0.09/turn                (no ring)

@: mighty
A: horns 2, retaliatory headbutt
a: no special abilities


You were on level 4 of the Dungeon.
You visited 1 branch of the dungeon, and saw 4 of its levels.

You collected 218 gold pieces.

Inventory:

Hand Weapons
 a - a +0 war axe (weapon)
Missiles
 k - 5 boomerangs of dispersal (quivered)
Armour
 b - a +0 scale mail (worn)
 c - a +0 buckler
 i - a +0 pair of boots (worn)
 l - a +0 kite shield (worn)
Jewellery
 v - an amulet of faith
Wands
 r - a wand of digging (2)
Scrolls
 e - 6 scrolls of identify {unknown}
 f - 2 scrolls of enchant armour {unknown}
 h - 2 scrolls of immolation {unknown}
 j - 5 scrolls of enchant weapon {unknown}
 n - 3 scrolls of teleportation {unknown}
 o - 2 scrolls of noise {unknown}
 p - a scroll of vulnerability {unknown}
 s - a scroll of amnesia {unknown}
 t - 3 scrolls of summoning {unknown}
 u - a scroll of blinking {unknown}
Potions
 d - 2 potions of might
 g - a potion of mutation {unknown}
 m - a potion of brilliance {unknown}
 q - a potion of heal wounds {unknown}


   Skills:
 + Level 4.9 Fighting
 * Level 5.1 Axes
 - Level 3.9 Armour
 - Level 3.9 Shields


You had 4 spell levels left.
You didn't know any spells.
Your spell library contained the following spells:

 Spells                   Type           Power      Damage    Failure   Level
 Freeze                   Ice            0%         1d3       99%         1
 Necrotise                Necr           0%         1d4       99%         1
 Shock                    Conj/Air       0%         1d3       99%         1
 Slow                     Hex            0%         N/A       99%         1
 Frozen Ramparts          Ice            0%         1d1       100%        3
 Gell's Gravitas          Tloc           0%         N/A       100%        3
 Hailstorm                Conj/Ice       0%         3d3       100%        3
 Teleport Other           Tloc           0%         N/A       100%        3
 Dispersal                Tloc           0%         N/A       100%        6


Dungeon Overview and Level Annotations

Branches:
Dungeon (4/15)
 Temple: D:4-7

Altars:

Shops:
D:2 (

Annotations:
D:4 Pikel


Innate Abilities, Weirdness & Mutations

You have a pair of horns on your head.
You reflexively headbutt those who attack you in melee.


Message History

You block the lemure's attack. You block Pikel's attack.
Unknown command.
You slash the lemure!
You kill the lemure!
That felt strangely unrewarding.
You hit the lemure. You hit Pikel but do no damage.
Pikel hits you with a +2 whip of freezing.
Pikel freezes you.
Unknown command.
You slash the lemure!
You headbutt the lemure, but do no damage.
The lemure is heavily wounded.
You hit Pikel but do no damage. You closely miss the lemure.
You block the lemure's attack. The lemure hits you. You block Pikel's attack.
Unknown command.
You slash the lemure!
The lemure is almost dead.
You hit the lemure. You barely miss Pikel. Pikel completely misses you.
The lemure completely misses you. You furiously retaliate!
You headbutt the lemure!
You kill the lemure!
That felt strangely unrewarding.
The lemure hits you.
Pikel hits you with a +2 whip of freezing!
Pikel freezes you. The lemure hits you.
You are too injured to fight recklessly!
You are too injured to fight recklessly!
Unknown command.
You are too injured to fight recklessly!
Sorry, you're not good enough to have a special ability.
You feel very mighty all of a sudden. You block the lemure's attack.
The lemure hits you.
* * * LOW HITPOINT WARNING * * *
Pikel hits you with a +2 whip of freezing.
* * * LOW HITPOINT WARNING * * *
Pikel freezes you.
* * * LOW HITPOINT WARNING * * *
You slash Pikel! Your headbutt misses Pikel.
Pikel is moderately wounded.
You hit the lemure. You closely miss the lemure. The lemure hits you!
You die...

#.# #.# ♣.P♣ #.# #. #.# .
♣P #.# #. #.#####..P♣ ♣~
#.# ##.##.......♣ ♣♣♣ #.#
...#..#####♣ ♣P~ #.#
#..#..# ♣♣~~ #.# #..#>)#
#♣♣♣♣.~≈ #.#
#5K#..######..♣♣♣~~ #.#
#5@#..........♣♣♣~≈ #.#
#.....#........♣♣~≈ #.#
#.####.....#.#.....## #.#
#..........#.####.###
#.########.......###<....
#.#..............##......
#.#.#....###....).#.#....
#.#.#.##.# #........####.
#.#.#.##.###)....#...# #.


You could see Pikel and 2 lemures.

Vanquished Creatures
  2 lemures (D:4)
  A hound (D:4)
  6 adders
  4 dart slugs
  7 orcs (D:4)
  4 ball pythons
  A bat (D:1)
  5 endoplasms
  4 giant cockroaches
  5 goblins
  2 hobgoblins (D:1)
  4 jackals (D:2)
  A quokka (D:3)
  6 frilled lizards
  4 kobolds
  6 rats
62 creatures vanquished.

Notes
Turn   | Place    | Note
-------+----------+-------------------------------------------
     0 | D:1      | Elric the Minotaur Fighter began the quest for the Orb.
     0 | D:1      | Reached XP level 1. HP: 19/19 MP: 0/0
   138 | D:1      | Reached XP level 2. HP: 27/27 MP: 1/1
   423 | D:1      | Reached skill level 3 in Axes
   794 | D:2      | Reached XP level 3. HP: 33/33 MP: 2/2
   885 | D:2      | Found Xelen's Weapon Shop.
  1278 | D:2      | Reached skill level 4 in Axes
  1529 | D:3      | Got A Beginning Course on Spellcraft
  1574 | D:3      | Reached XP level 4. HP: 41/41 MP: 3/3
  1705 | D:3      | Found a faded altar of an unknown god.
  2579 | D:4      | Reached skill level 5 in Axes
  2579 | D:4      | Reached XP level 5. HP: 43/47 MP: 4/4
  2800 | D:4      | Noticed a lemure
  2801 | D:4      | Noticed Pikel
  2802 | D:4      | Noticed a lemure
  2802 | D:4      | Noticed a lemure
  2803 | D:4      | Noticed a lemure
  2806 | D:4      | Killed a lemure
  2808 | D:4      | Killed a lemure
  2810 | D:4      | Slain by a lemure

Illustrated notes

Levels and vault maps discovered:
D:1:      psy_arrival_conway, layout_loops_cross, st_stairs_4
D:2:      layout_loops_corners, serial_shops, nicolae_shop_bloodbath_and_beyond
D:3:      layout_loops_cross, shapermc_ecumenical_altar_totnotflames
D:4:      layout_basic, wad_woods_river_04, uniq_pikel

Skill      XL: |  1  2  3  4 |
---------------+-------------+-----
Fighting       | 4 |  4.9
Axes           | 3 4 5 |  5.1
Armour         | |  3.9
Shields        | |  3.9

Action                   |  1- 3 |  4- 6 || total
-------------------------+-------+-------++-------
Melee: War axe           |    78 |    62 ||   140
       Headbutt          |    12 |    10 ||    22
  Use: Potion            |       |     1 ||     1
Armor: Scale mail        |    34 |    21 ||    55
Dodge: Dodged            |    27 |    13 ||    40
Block: Buckler           |    16 |       ||    16
       Kite shield       |    13 |    26 ||    39

Table legend: (Time is in decaauts)
 A = Elapsed time spent in this place.
 B = Non-inter-level travel time spent in this place.
 C = Inter-level travel time spent in this place.
 D = Time resting spent in this place.
 E = Time spent auto-exploring this place.
 F = Levels seen in this place.
 G = Mean time per level.
                   A        B        C        D        E       F      G
               +--------+--------+--------+--------+--------+-----+--------+
         Total |   2885 |   2767 |    118 |      0 |   2353 |   4 |  721.2 |
       Dungeon |   2885 |   2767 |    118 |      0 |   2353 |   4 |  721.2 |
               +--------+--------+--------+--------+--------+-----+--------+

Top non-repeatable levels by time:
     D:2: 855 daAuts
     D:1: 700 daAuts
     D:4: 697 daAuts
     D:3: 631 daAuts
